 Dungeon Sprint DCSS version 0.31-a0-95-g6fa058ef04 (webtiles) character file.

Game seed: 9914397565941493781

22244 sircluck the Ninja (level 13, -7/95 HPs)
             Began as a Kobold Brigand on May 25, 2023.
             Was the Champion of Dithmenos.
             Shot with an arrow by a deep elf master archer (32 damage)
             ... in the Dungeon (Sprint I: "Red Sonja").
             The game lasted 00:12:53 (2950 turns).

sircluck the Ninja (Kobold Brigand)                 Turns: 2950, Time: 00:12:54

Health: -7/95      AC: 13    Str:  9    XL:     13   Next: 26%
Magic:  13/13      EV: 24    Int: 12    God:    Dithmenos [******]
Gold:   3478       SH:  0    Dex: 27    Spells: 8/12 levels left

rFire   x . .        a - +2 dagger
rCold   . . .        (no shield)
rNeg    . . .        m - +2 leather armour {rPois}
rPois   +            (helmet restricted)
rElec   .            u - +1 cloak
rCorr   +            p - +2 pair of gloves {Dex+3}
SInv    +            (no boots)
Will    .....        (no amulet) Stlth *+++++++++
                     o - ring "Futtivva" {rCorr Dex+3}
HPRegen 0.35/turn    (no ring)
MPRegen 0.13/turn

%: no teleportation
@: wreathed by umbra, very slow
A: small, no large weapons, nightstalker 3, horns 1, iridescent scales 1, see
invisible, heat vulnerability 1
a: Renounce Religion, Shadow Step, Shadow Form


You were in the Dungeon.
You worshipped Dithmenos.
Dithmenos was exalted by your worship.
You visited 1 branch You collected 4807 gold pieces.
You spent 1329 gold pieces at shops.

Inventory:

Hand Weapons
 a - a +2 dagger (weapon)
 t - the +4 dagger of Duty {freeze, rF- Str+2 Int+3 SInv}
   (You bought it in a shop in the Dungeon)

   Str:       It affects your strength (+2).
   Int:       It affects your intelligence (+3).
   rF:        It makes you vulnerable to fire.
   SInv:      It lets you see invisible.
Missiles
 d - 12 poisoned darts (quivered)
 e - 6 curare-tipped darts
 s - 12 stones
 v - 6 boomerangs
Armour
 b - a +0 robe
 c - a +0 cloak
 m - a +2 leather armour of poison resistance (worn)
 p - a +2 pair of gloves of dexterity (worn)
 u - a +1 cloak (worn)
Jewellery
 o - the ring "Futtivva" (left hand) {rCorr Dex+3}
   (You found it in the Dungeon)

   [ring of resist corrosion]

   Dex:       It affects your dexterity (+3).
   rCorr:     It protects you from acid and corrosion.
 q - an amulet of faith
 w - an amulet of guardian spirit
Wands
 l - a wand of quicksilver (8)
 n - a wand of charming (21)
Scrolls
 g - a scroll of magic mapping {unknown}
 x - 2 scrolls of identify {unknown}
 y - 3 scrolls of immolation {unknown}
Potions
 f - a potion of might {unknown}
 h - a potion of haste
 i - 2 potions of magic
 j - a potion of berserk rage
 k - 3 potions of enlightenment {unknown}
 r - 2 potions of degeneration {unknown}


   Skills:
 + Level 16.9 Fighting
 + Level 21.1 Short Blades
 + Level 8.0 Throwing
 + Level 7.0 Armour
 + Level 9.9 Dodging
 O Level 27 Stealth
 + Level 0.7 Invocations
 + Level 7.2 Evocations


You had 8 spell levels left.
You knew the following spells:

 Your Spells              Type           Power      Damage    Failure   Level
a - Animate Dead          Necr           0%         N/A       99%         4

Your spell library contained the following spells:

 Spells                   Type           Power      Damage    Failure   Level
 Spider Form              Tmut/Pois      0%         N/A       78%         3
 Olgreb's Toxic Radiance  Pois           0%         N/A       99%         4
 Haunt                    Necr/Summ      0%         N/A       100%        7
 Infestation              Necr           0%         N/A       100%        8


Dungeon Overview and Level Annotations

Branches:
Dungeon (1/1)

Altars:
Cheibriados
Dithmenos
Elyvilon
Fedhas
Gozag
Hepliaklqana
Kikubaaqudgha
Makhleb
Nemelex Xobeh
Okawaru
Qazlal
Ru
Sif Muna
Trog
Uskayaw
Vehumet
Wu Jian
Xom
Yredelemnul
Zin
The Shining One
Jiyva
Lugonu

Shops:
D *?*!:*![:((*!==((=[[:*

Annotations:
D exclusion: oklob plant


Innate Abilities, Weirdness & Mutations

You are small and have problems with some larger weapons.
You are completely attuned to the shadows.
You have a pair of small horns on your head.
You are partially covered in iridescent scales. (AC +2)
You have supernaturally acute eyesight. (SInv)
You are vulnerable to heat. (rF-)


Message History

You hit the gargoyle.
You destroy the gargoyle!
Dithmenos accepts your kill.
You hear a splash.
Your Armour skill increases to level 7!
You enter the shallow water.
Moving in this stuff is going to be slow.
Found 108 gold pieces.
You see here a +3 mace.
There is an open door, spattered with blood here.
You enter the shallow water.
Moving in this stuff is going to be slow.
You close the door.
You see here the corpse of the Lernaean hydra.
You enter the shallow water.
Moving in this stuff is going to be slow.
A deep elf master archer comes into view.
Found 27 gold pieces.
Found 243 gold pieces.
There is an open door here.
You enter the shallow water.
Moving in this stuff is going to be slow.
The deep elf master archer shouts!
The deep elf master archer wields a +0 longbow.
The deep elf master archer shoots an arrow.
The arrow barely misses you.
The deep elf master archer shoots an arrow.
The arrow hits you!!
You emit a cloud of dark smoke.
The deep elf master archer shoots an arrow.
The arrow hits you!!
* * * LOW HITPOINT WARNING * * *
Aiming: Charm
Press: ? - help, Q - select action, (/) - cycle Shift-Dir - straight line, f - deep elf master archer
Aim: a deep elf master archer, wielding a +0 longbow and wearing a +0 leather armour (umbra, chance to affect: 7%)
Okay, then.
The deep elf master archer shoots an arrow.
The arrow misses you.
The deep elf master archer shoots an arrow.
The arrow hits you!!
You die...

..#.###.†#......[.§...#
..#.#.'..##§.........#
###+#.##+##§§........#
....#^#~~~##.....§..##○
.####
#~~~~##).....##$$$ #
#~~~~~########○.$$
####~~~~#~~~~~#...°○
#..#'~~~'~~†§§+§.§.$
#...##~~#~~~@§#)~~°.
#....######'#####~~~
#....# ~≈≈≈≈≈≈≈≈ ~~
###### ~~e~≈≈≈≈≈ ~
$$.~~~~~~ $$$$$$$$~


You could see a deep elf master archer.

Vanquished Creatures
  the Lernaean hydra (D)
  A golden dragon (D)
  A shadow dragon (D)
  A lorocyproca (D)
  A hydra (D)
  2 centaur warriors (D)
  Sonja (D)
  A deep troll (D)
  A lindwurm (D)
  An oklob plant (D)
  8 shining eyes (D)
  2 merfolk sirens (D)
  2 gargoyles (D)
  4 demonic crawlers (D)
  7 unseen horrors (D)
  2 kobold demonologists (D)
  5 hornets (D)
  Sigmund (D)
  A slime creature (D)
  13 hogs (D)
  A yak (D)
  2 redbacks (D)
  7 floating eyes (D)
  An ogre (D)
  7 necrophages (D)
  8 jellies (D)
  Ijyb (D)
  A ballistomycete spore (D)
84 creatures vanquished.

Vanquished Creatures (others)
  A ballistomycete spore (D)
1 creature vanquished.

Grand Total: 85 creatures vanquished

Notes
Turn   | Place    | Note
-------+----------+-------------------------------------------
     0 | D        | sircluck the Kobold Brigand began the quest for the Orb.
     0 | D        | Reached XP level 1. HP: 12/12 MP: 1/1
     2 | D        | Noticed Ijyb
     4 | D        | Killed Ijyb
     5 | D        | Reached skill level 8 in Stealth
     5 | D        | Reached XP level 2. HP: 18/18 MP: 2/2
     5 | D        | Reached XP level 3. HP: 22/22 MP: 3/3
    33 | D        | Noticed an ogre
    38 | D        | Killed an ogre
    39 | D        | Reached skill level 12 in Stealth
    39 | D        | Reached skill level 1 in Evocations
    39 | D        | Reached XP level 4. HP: 28/28 MP: 4/4
    39 | D        | Reached XP level 5. HP: 32/32 MP: 5/5
    58 | D        | Noticed Sigmund
    60 | D        | Killed Sigmund
    61 | D        | Reached skill level 5 in Short Blades
    61 | D        | Reached skill level 15 in Stealth
    61 | D        | Reached XP level 6. HP: 39/39 MP: 6/6
    74 | D        | Found a burning altar of Makhleb.
    74 | D        | Found a viscous altar of Jiyva.
    74 | D        | Found a shimmering altar of Xom.
    74 | D        | Found a corrupted altar of Lugonu.
    74 | D        | Noticed a slime creature
    77 | D        | Killed a slime creature
    78 | D        | Reached skill level 5 in Fighting
    78 | D        | Reached skill level 5 in Throwing
    78 | D        | Reached skill level 17 in Stealth
    78 | D        | Reached XP level 7. HP: 44/44 MP: 7/7
    87 | D        | Noticed a kobold demonologist
    99 | D        | Found an ornate altar of the Wu Jian Council.
   100 | D        | Found a shimmering blue altar of Sif Muna.
   101 | D        | Found a radiant altar of Vehumet.
   138 | D        | Found a hazy altar of Hepliaklqana.
   138 | D        | Found a hide-covered altar of Uskayaw.
   138 | D        | Found an opulent altar of Gozag.
   138 | D        | Noticed a yak
   139 | D        | Found Udetiur's Distillery.
   139 | D        | Found a stormy altar of Qazlal.
   139 | D        | Found a blossoming altar of Fedhas.
   139 | D        | Found a bloodstained altar of Trog.
   139 | D        | Found a snail-covered altar of Cheibriados.
   140 | D        | Killed a yak
   141 | D        | Reached skill level 18 in Stealth
   141 | D        | Found an iron altar of Okawaru.
   141 | D        | Found a sparkling altar of Nemelex Xobeh.
   141 | D        | Found a sacrificial altar of Ru.
   141 | D        | Found a glowing silver altar of Zin.
   142 | D        | Found an ancient bone altar of Kikubaaqudgha.
   142 | D        | Found a basalt altar of Yredelemnul.
   142 | D        | Found a glowing golden altar of the Shining One.
   142 | D        | Found a shadowy altar of Dithmenos.
   142 | D        | Found a white marble altar of Elyvilon.
   145 | D        | Bought a potion of mutation for 88 gold pieces
   145 | D        | Bought a potion of invisibility for 88 gold pieces
   184 | D        | Became a worshipper of Dithmenos the Shadowed
   205 | D        | Noticed a kobold demonologist
   207 | D        | Killed a kobold demonologist
   208 | D        | Reached skill level 19 in Stealth
   208 | D        | Reached XP level 8. HP: 51/51 MP: 8/8
   209 | D        | Killed a kobold demonologist
   210 | D        | Reached skill level 20 in Stealth
   210 | D        | Reached * piety under Dithmenos
   237 | D        | Noticed Sonja
   241 | D        | Killed Sonja
   242 | D        | Reached skill level 22 in Stealth
   242 | D        | Reached XP level 9. HP: 56/56 MP: 9/9
   300 | D        | Found Xujaliut's General Store.
   323 | D        | Noticed a shining eye
   323 | D        | Noticed a shining eye
   326 | D        | Killed a shining eye
   326 | D        | Reached ** piety under Dithmenos
   327 | D        | Reached skill level 23 in Stealth
   327 | D        | Noticed a shining eye
   329 | D        | Killed a shining eye
   330 | D        | Reached skill level 10 in Short Blades
   330 | D        | Reached skill level 24 in Stealth
   330 | D        | Noticed a shining eye
   332 | D        | Killed a shining eye
   333 | D        | Reached skill level 25 in Stealth
   333 | D        | Reached XP level 10. HP: 61/61 MP: 10/10
   335 | D        | Killed a shining eye
   339 | D        | Paralysed by a floating eye for 3 turns
   344 | D        | Reached *** piety under Dithmenos
   348 | D        | Noticed a shining eye
   348 | D        | Noticed a shining eye
   348 | D        | Noticed a shining eye
   352 | D        | Killed a shining eye
   353 | D        | Reached skill level 26 in Stealth
   353 | D        | Killed a shining eye
   354 | D        | Noticed a shining eye
   356 | D        | Killed a shining eye
   356 | D        | Reached **** piety under Dithmenos
   357 | D        | Reached skill level 1 in Armour
   357 | D        | Reached skill level 27 in Stealth
   358 | D        | Paralysed by a floating eye for 3 turns
   359 | D        | Gained mutation: You occasionally shout uncontrollably at
                  | your foes. [a shining eye]
   363 | D        | Gained mutation: You possess an exceptional clarity of
                  | mind. [a shining eye]
   375 | D        | Paralysed by a floating eye for 4 turns
   376 | D        | Gained mutation: Your spells are a little easier to cast,
                  | but a little less powerful. [a shining eye]
   378 | D        | Gained mutation: You are weak. (Str -2) [a shining eye]
   379 | D        | Gained mutation: You are clumsy. (Dex -2) [a shining eye]
   380 | D        | Killed a shining eye
   381 | D        | Reached skill level 5 in Evocations
   393 | D        | Lost mutation: You are weak. (Str -2) [potion of mutation]
   393 | D        | Lost mutation: You are clumsy. (Dex -2) [potion of
                  | mutation]
   393 | D        | Lost mutation: Your spells are a little easier to cast, but
                  | a little less powerful. [potion of mutation]
   393 | D        | Gained mutation: Your mind is acute. (Int +4, Str/Dex -1)
                  | [potion of mutation]
   393 | D        | Gained mutation: You have supernaturally acute eyesight.
                  | (SInv) [potion of mutation]
   393 | D        | Gained mutation: Your system is resistant to poisons.
                  | (rPois) [potion of mutation]
   412 | D        | Bought a potion of mutation for 104 gold pieces
   412 | D        | Lost mutation: You occasionally shout uncontrollably at
                  | your foes. [potion of mutation]
   412 | D        | Lost mutation: Your system is resistant to poisons. (rPois)
                  | [potion of mutation]
   412 | D        | Gained mutation: Your body sometimes deteriorates upon
                  | taking damage. [potion of mutation]
   412 | D        | Gained mutation: You are partially covered in iridescent
                  | scales. (AC +2) [potion of mutation]
   432 | D        | Learned a level 4 spell: Animate Dead
   434 | D        | Found Wupnuz's Magic Scroll Shoppe.
   434 | D        | Found Olehaqom's Assorted Antiques.
   442 | D        | Found Ikhu's General Store.
   442 | D        | Found Leyniun's Book Shop.
   467 | D        | Noticed a deep troll
   471 | D        | Killed a deep troll
   471 | D        | Reached ***** piety under Dithmenos
   472 | D        | Reached XP level 11. HP: 69/69 MP: 11/11
   481 | D        | Found Yzet's Armour Emporium.
   487 | D        | Bought a +2 pair of gloves of dexterity for 215 gold pieces
   505 | D        | Noticed a centaur warrior
   506 | D        | Noticed a centaur warrior
   509 | D        | Killed a centaur warrior
   510 | D        | Killed a centaur warrior
   526 | D        | Reached skill level 10 in Fighting
   538 | D        | Noticed an oklob plant
   567 | D        | Killed an oklob plant
   682 | D        | Reached skill level 15 in Short Blades
   731 | D        | Reached ****** piety under Dithmenos
   911 | D        | Found Duuvveom's Armour Shoppe.
   911 | D        | Found Erugeoke's Distillery.
   911 | D        | Found Satisum's Book Boutique.
   913 | D        | Found Xytazam's Weapon Emporium.
   913 | D        | Found Walo's Weapon Shop.
   913 | D        | Found Otwit's Assorted Antiques.
   913 | D        | Found Yxiy's Distillery.
   915 | D        | Found Tacu's Jewellery Emporium.
   921 | D        | Bought the +4 dagger of Duty {freeze, rF- Str+2 Int+3 SInv}
                  | for 536 gold pieces
   921 | D        | Found Yruem's Jewellery Shop.
   922 | D        | Found Ineaso's Weapon Shoppe.
   923 | D        | Found Fiahiul's Antique Weapon Boutique.
   924 | D        | Bought a potion of mutation for 88 gold pieces
   924 | D        | Lost mutation: Your mind is acute. (Int +4, Str/Dex -1)
                  | [potion of mutation]
   924 | D        | Lost mutation: You possess an exceptional clarity of mind.
                  | [potion of mutation]
   924 | D        | Lost mutation: Your body sometimes deteriorates upon taking
                  | damage. [potion of mutation]
   924 | D        | Gained mutation: You are vulnerable to heat. (rF-) [potion
                  | of mutation]
   924 | D        | Gained mutation: You have a pair of small horns on your
                  | head. [potion of mutation]
   925 | D        | Found Warphas's Antique Armour Emporium.
   925 | D        | Found Piyhacwo's Jewellery Boutique.
   926 | D        | Found Bakhoaje's Book Emporium.
   930 | D        | Bought a glowing cloak for 210 gold pieces
  1015 | D        | Noticed a lorocyproca
  1019 | D        | Killed a lorocyproca
  1020 | D        | Reached XP level 12. HP: 82/82 MP: 12/12
  1340 | D        | Reached skill level 5 in Armour
  1356 | D        | Noticed a 12-headed hydra
  1358 | D        | Killed a 12-headed hydra
  1377 | D        | Noticed a daeva
  1415 | D        | Reached skill level 5 in Dodging
  1483 | D        | Reached skill level 15 in Fighting
  1902 | D        | Identified the ring "Futtivva" {rCorr Dex+3}
  2619 | D        | Noticed a shadow dragon
  2619 | D        | Noticed a golden dragon
  2622 | D        | Killed a shadow dragon
  2624 | D        | Killed a golden dragon
  2629 | D        | Got the Secrets of Domination
  2687 | D        | Found Aromo's General Store.
  2842 | D        | Noticed a deep elf annihilator
  2847 | D        | Noticed a mummy priest
  2853 | D        | Reached XP level 13. HP: 85/93 MP: 13/13
  2897 | D        | Noticed the 27-headed Lernaean hydra
  2899 | D        | Killed the 27-headed Lernaean hydra
  2945 | D        | Noticed a deep elf master archer
  2950 | D        | Shot with an arrow by a deep elf master archer

Illustrated notes

Levels and vault maps discovered:
D:        dungeon_sprint_1 [red_sonja_temple_1, red_sonja_temple_small_1]

Skill      XL: |  1  2  3  4  5  6  7  8  9 10 11 12 13 |
---------------+----------------------------------------+-----
Short Blades   | 3 4 5 6 7 9 10 12 17 20 21 | 21.1
Stealth        | 8 12 15 17 19 22 25 27 | 27.0
Fighting       | 3 4 5 6 8 12 16 | 16.9
Throwing       | 3 4 5 6 7 8 |  8.0
Evocations     | 1 2 3 4 5 7 |  7.2
Dodging        | 2 3 4 8 9 |  9.9
Armour         | 2 4 6 7 |  7.0
Invocations    | |  0.7

Action                     |  1- 3 |  4- 6 |  7- 9 | 10-12 | 13-15 || total
---------------------------+-------+-------+-------+-------+-------++-------
  Melee: Dagger            |     1 |     2 |    11 |   221 |    30 ||   265
         Punch             |       |       |       |     3 |     1 ||     4
         Headbutt          |       |       |       |    27 |    10 ||    37
 Invoke: Shadow Step       |       |       |       |       |     1 ||     1
  Evoke: Wand              |     3 |       |       |       |       ||     3
    Use: Scroll            |     1 |       |       |     2 |       ||     3
         Potion            |       |       |       |     9 |       ||     9
   Stab: Sleeping          |     1 |     2 |    11 |    50 |     5 ||    69
 Armour: Leather armour    |       |       |       |    60 |       ||    60
  Dodge: Dodged            |       |       |       |   102 |    12 ||   114

Table legend: (Time is in decaauts)
 A = Elapsed time spent in this place.
 B = Non-inter-level travel time spent in this place.
 C = Inter-level travel time spent in this place.
 D = Time resting spent in this place.
 E = Time spent auto-exploring this place.
 F = Levels seen in this place.
 G = Mean time per level.
                   A        B        C        D        E       F      G
               +--------+--------+--------+--------+--------+-----+--------+
         Total |   2836 |   2735 |    101 |   1344 |    192 |   1 | 2836.0 |
       Dungeon |   2836 |   2735 |    101 |   1344 |    192 |   1 | 2836.0 |
               +--------+--------+--------+--------+--------+-----+--------+

Top non-repeatable levels by time:
       D: 2836 daAuts
